 Dungeon Crawl Stone Soup version 0.23.2-33-g5129a83184 (webtiles) character file.

Game seed: 13009533105468245624

954 t4s4d4r the Grappler (level 8, -16/52 HPs)
             Began as an Octopode Fighter on July 10, 2019.
             Was an Initiate of Gozag.
             Demolished by an ogre
             ... wielding a +0 giant spiked club
              (31 damage)
             ... on level 5 of the Dungeon.
             The game lasted 00:12:09 (6669 turns).

t4s4d4r the Grappler (Octopode Fighter)             Turns: 6669, Time: 00:12:11

Health: -16/52     AC:  1    Str: 15    XL:     8   Next: 14%
Magic:  26/26      EV: 13    Int: 13    God:    Gozag
Gold:   659        SH:  4    Dex: 11    Spells: 7/7 levels left

rFire    . . .     SeeInvis .     - Unarmed
rCold    . . .     Gourm    .   e - +0 buckler
rNeg     . . .     Faith    .   (helmet restricted)
rPois    .         Spirit   .   (no amulet)
rElec    .         Reflect  .   f - ring of resist corrosion
rCorr    +         Harm     .   s - ring of wizardry
MR       .....                  t - ring of magical power
Stlth    ++++......             u - ring of magical power
HPRegen  0.17/turn              (no ring)
MPRegen  0.20/turn              (no ring)
                                (no ring)
                                (no ring)

@: no status effects
A: almost no armour, stealthy swim, amphibious, 8 rings, constrict 8, camouflage
1, gelatinous body 1
a: Potion Petition, Call Merchant, Bribe Branch, Renounce Religion


You were on level 5 of the Dungeon.
You worshipped Gozag.
Gozag was pleased with you.
You were not hungry.

You visited 1 branch of the dungeon, and saw 6 of its levels.

You collected 672 gold pieces.
You paid 13 gold pieces to Gozag.

Inventory:

Missiles
 h - 80 stones (quivered)
Armour
 a - a +0 shield
 e - a +0 buckler (worn)
Magical Staves
 z - an uncursed staff of poison
Jewellery
 f - a ring of resist corrosion (left tentacle)
 s - a ring of wizardry (right tentacle)
 t - a ring of magical power (on tentacle)
 u - a ring of magical power (on tentacle)
Scrolls
 d - a scroll of fear
 g - 2 scrolls of teleportation
 k - a scroll of enchant armour {unknown}
 l - a scroll of fog {unknown}
 m - 3 scrolls of remove curse
 r - a scroll of blinking {unknown}
 w - a scroll of vulnerability {unknown}
 y - a scroll of amnesia {unknown}
Potions
 b - a potion of might
 i - a potion of magic {unknown}
 j - a potion of berserk rage {unknown}
 n - 4 potions of flight
 o - 5 potions of curing
 p - 2 potions of brilliance
 q - a potion of agility {unknown}
 x - a potion of ambrosia
Comestibles
 c - 6 rations


   Skills:
 - Level 3.0 Fighting
 - Level 3.0 Dodging
 - Level 5.0 Stealth
 - Level 3.0 Shields
 + Level 8.6 Unarmed Combat


You had 7 spell levels left.
You didn't know any spells.
Your spell library was empty.

Dungeon Overview and Level Annotations

Branches:
Dungeon (6/15)             Temple (0/1) D:4

Altars:
Cheibriados
Dithmenos
Gozag
Okawaru
Wu Jian
Zin

Annotations:
D:5 exclusion: ogre
D:6 exclusion: two-headed ogre


Innate Abilities, Weirdness & Mutations

You cannot wear most types of armour.
You are very stealthy in the water. (Stealth+)
You are amphibious.
You can wear up to eight rings at the same time.
You can use your tentacles to constrict eight enemies at once.
Your skin changes colour to match your surroundings (Stealth+).
Your rubbery body absorbs attacks. (AC +1, EV +1)


Message History

The ogre is moderately wounded.
The ogre completely misses you.
You barely miss the ogre.
The ogre is moderately wounded.
You barely miss the ogre.
The ogre is moderately wounded.
You block the ogre's attack.
You tentacle-slap the ogre. You squeeze the ogre.
The ogre is heavily wounded.
The ogre hits you with a +0 giant spiked club!!
* * * LOW HITPOINT WARNING * * *
You barely miss the ogre. You tentacle-slap the ogre.
The ogre is severely wounded.
You tentacle-slap the ogre but do no damage.
Your squeeze misses the ogre.
The ogre is severely wounded.
The ogre hits you with a +0 giant spiked club!!
Ouch! That really hurt!
You die...
Your body crumbles into a pile of gold.

.......# #..........O..##....o.o.
.......# #.............##........
.......# #.............##........
.......# ###########'#.##^.......
.......#############...##........
#+##'#.).)..........#..###...###%
....................+.>#
.................O..####
................@...#
....................#
....................#
....................#
......############### ......#
......# ......# ......#


You could see an ogre.

Vanquished Creatures
  A phantom (D:5)
  A centaur (D:5)
  A gnoll sergeant (D:6)
  A scorpion (D:4)
  A howler monkey (D:5)
  A crimson imp (D:5)
  A bullfrog zombie (D:5)
  2 hounds (D:4)
  An orc priest (D:5)
  2 orc wizards
  3 iguanas
  A worker ant (D:4)
  A killer bee zombie (D:6)
  A worker ant zombie (D:6)
  7 gnolls
  9 adders
  3 oozes
  A worm (D:2)
  6 leopard geckos
  34 orcs
  A giant cockroach (D:5)
  3 goblins
  7 hobgoblins
  5 jackals
  8 kobolds
  A quokka (D:2)
  6 bats
  A frilled lizard (D:1)
  A quokka skeleton (D:4)
  6 rats
117 creatures vanquished.

Notes
Turn   | Place    | Note
-------+----------+-------------------------------------------
     0 | D:1      | t4s4d4r the Octopode Fighter began the quest for the Orb.
     0 | D:1      | Reached XP level 1. HP: 16/16 MP: 1/1
   182 | D:1      | Reached XP level 2. HP: 19/21 MP: 2/2
   434 | D:1      | Reached skill level 3 in Unarmed Combat
   995 | D:2      | Reached XP level 3. HP: 22/26 MP: 3/3
  1107 | D:2      | Reached skill level 4 in Unarmed Combat
  1318 | D:2      | Found an opulent altar of Gozag.
  1331 | D:2      | Became a worshipper of Gozag Ym Sagoz the Greedy
  1448 | D:2      | Reached XP level 4. HP: 31/31 MP: 4/4
  1893 | D:2      | Found a shadowy altar of Dithmenos.
  1893 | D:2      | Found an iron altar of Okawaru.
  2493 | D:3      | Reached skill level 5 in Unarmed Combat
  2496 | D:3      | Reached XP level 5. HP: 19/36 MP: 5/5
  2707 | D:3      | Found a snail-covered altar of Cheibriados.
  3114 | D:3      | Found a faded altar of an unknown god.
  3314 | D:4      | Found a staircase to the Ecumenical Temple.
  3331 | D:4      | Reached skill level 6 in Unarmed Combat
  3331 | D:4      | Reached XP level 6. HP: 33/42 MP: 6/6
  4005 | D:4      | Reached skill level 7 in Unarmed Combat
  4450 | D:4      | Found a glowing silver altar of Zin.
  4524 | D:5      | Entered Level 5 of the Dungeon
  4535 | D:5      | Reached XP level 7. HP: 17/46 MP: 7/7
  5253 | D:5      | Reached skill level 8 in Unarmed Combat
  5295 | D:5      | Found an ornate altar of the Wu Jian Council.
  5374 | D:5      | Reached skill level 1 in Stealth
  6053 | D:6      | Reached skill level 5 in Stealth
  6294 | D:6      | Noticed a two-headed ogre
  6328 | D:6      | Reached XP level 8. HP: 43/52 MP: 8/8
  6669 | D:5      | Demolished by an ogre

Skill      XL: |  1  2  3  4  5  6  7 |
---------------+----------------------+-----
Unarmed Combat | 3 4 5 6 7 8 |  8.6
Stealth        | 5 |  5.0
Fighting       | |  3.0
Dodging        | |  3.0
Shields        | |  3.0

Action                   |  1- 3 |  4- 6 |  7- 9 || total
-------------------------+-------+-------+-------++-------
Melee: Unarmed           |    61 |   145 |    93 ||   299
       Constrict         |    19 |    33 |    21 ||    73
       Tentacles         |    13 |    29 |    17 ||    59
       Punch             |     3 |     2 |    10 ||    15
  Use: Scroll            |       |     6 |     4 ||    10
       Potion            |       |     2 |       ||     2
 Stab: Sleeping          |    10 |     7 |     3 ||    20
  Eat: Chunk             |     1 |       |       ||     1
       Ration            |       |     3 |     2 ||     5
Armor: Skin              |     2 |     7 |       ||     9
Dodge: Dodged            |    26 |    45 |    39 ||   110
Block: Shield            |    16 |    34 |       ||    50
       Buckler           |       |       |     3 ||     3
